AoeStats
← HuevoGordo

Four Lakes

509837960Analyzed
1v1 RM · 5d ago on Sep 28, 2026· 23m 26s· 2 players
Game mode
Random Map
Map size
Tiny (2 player)
Population
200
Speed
Normal
Resources
Standard
Victory
Conquest
Starting age
Dark Age
Ending age
Imperial Age
RankedLock teamsTeams togetherTeam positionsShared explorationLock speedFull tech treeHidden civsTurbo modeCheats
Victory
Defeat
🇪🇸 Britons · Spain
938
+15
🇲🇽 Vietnamese · Mexico
912
-15
[DH]ElReyDavid
7:33 Loom
9:49 Feudal Age
10:30 Double-Bit Axe
17:15 Castle Age
15:43 Stone Mining
16:51 Fletching
18:25 Bow Saw
17:56 Horse Collar
20:15 Bodkin Arrow
21:07 Gold Mining
23:14 Heavy Plow
23:49 Padded Archer Armor
HuevoGordo
9:56 Feudal Age
10:03 Feudal Age
10:49 Loom
10:56 Loom
11:28 Double-Bit Axe
17:29 Castle Age
19:10 Bow Saw
20:55 Fishing Lines
22:38 Fletching
23:00 Gillnets
23:26 Bodkin Arrow
24:13 Wheelbarrow
23:23 Town Watch
Connection lost

Rejoining the realm…

Still unreachable

The connection could not be restored.

Session expired

The server has moved on; the page needs a fresh start.